[Event "Early-Titled-Tuesday-Blitz-March-26-2024"]
[Site "Chess.com"]
[Date "2024.03.26"]
[Round "5"]
[White "Russian_berezka"]
[Black "Szparu"]
[Result "0-1"]
[WhiteElo "2568"]
[BlackElo "2814"]
[TimeControl "180+1"]
[EndTime "8:55:05 PDT"]
[Termination "Szparu won by resignation"]

1. d4 d5 2. Bf4 c5 3. e3 Nc6 4. c3 Qb6 5. Qb3 c4 6. Qc2 e5 7. dxe5 Bf5 8. Qc1 g5 9. Bxg5 Nxe5 10.
Nf3 Nd3+ 11. Bxd3 Bxd3 12. Ne5 Bf5 13. g4 f6 14. gxf5 fxe5 15. Qd1 Be7 16. Qh5+ Kd8 17. Nd2 Nf6 18. Bxf6 Bxf6 19. O-O-O Ke7 20. e4 d4 21. f4 dxc3 22. bxc3 Qa6 23. fxe5 Bxe5 24. f6+ Qxf6 25. Rhf1 Qe6 26. Qg5+ Bf6 27. Qc5+ Ke8 28. e5 Bg5 29.
Kb1 Rc8 30. Qg1 Rg8 31. Qf2 Rc6 32. Qf3 Be7 33. Qh5+ Rg6 34. Qxh7 Qxe5 35. Rde1 Qb5+ 36. Ka1 Rge6 37. Rd1 Kd7 38. Rf7 Rcd6 39. Qh3 Qe5 40. Qf3 Kc7 41. Nxc4 Rxd1+ 42. Qxd1 Qxc3+ 43. Kb1 Qxc4 44. Rf2 Rb6+ 45. Rb2 Qe4+ 46. Ka1 Rxb2 47. Kxb2 Bf6+ 48. Kb3 Qe6+ 49. Kc2 Qxa2+ 50. Kd3 Qd5+ 51. Ke2 Qxd1+ 52. Kxd1 Kd6 53. Kc2 Ke5 54. Kb3 Kf4 55. Kc4 Kg4 56. Kd5 Kh3 57. Ke6 Bh8 58. Kd7 Kxh2 59. Kc7 b5 60. Kb7 b4 61. Ka6 b3 62. Ka5 b2 63. Ka4 b1=Q 64. Ka3 a5 0-1

[Event "Early-Titled-Tuesday-Blitz-March-26-2024"]
[Site "Chess.com"]
[Date "2024.03.26"]
[Round "5"]
[White "NikitaShnadrygin"]
[Black "Cheer_Down"]
[Result "0-1"]
[WhiteElo "2636"]
[BlackElo "2493"]
[TimeControl "180+1"]
[EndTime "8:55:05 PDT"]
[Termination "Cheer_Down won by resignation"]

1. e4 e5 2. d4 exd4 3. Qxd4 Nc6 4.
Qe3 Nf6 5. Nc3 Be7 6. Bc4 O-O 7.
Bd2 Ng4 8. Qe2 d5 9. Nxd5 Bc5 10. Be3 Nxe3 11. Nxe3 Qd4 12. c3 Qxe4 13. Bd3 Qe6 14. Nf3 Bxe3 15. fxe3 Re8 16. Bxh7+ Kh8 17. Bc2 Qxe3 18. Qxe3 Rxe3+ 19. Kf2 Re8 20. Rhe1 Bg4 21. Ng5 Kg8 22. h3 Bd7 23. Bb3 Ne5 24. Kg3 Re7 25. Rad1 Rae8 26. Rxe5 Rxe5 27. Nxf7 Re3+ 28. Kf2 Re2+ 29.
Kf1 Be6 30. Bxe6 R2xe6 31. Ng5 Re2 32. Rd7 R2e7 33. Rd4 a6 34. Nf3 Re2 35. Rb4 b5 36. a4 c5 37. Rb3 bxa4 38. Rb6 Rc2 39. Ng5 a3 40. bxa3 Rxc3 41. a4 a5 42. Ra6 Rd3 43.
Rxa5 Rd5 44. Nf3 Rb8 45. Ra7 Rb2 46. Rc7 Rd1+ 47. Ne1 Rbb1 48. Re7 c4 49. Kf2 Rd2+ 50. Kf1 Rdd1 51. Kf2 c3 52. Re2 Rd2 53. Nf3 Rxe2+ 54.
Kxe2 c2 55. Ne5 c1=Q 56. Ng6 Qc2+ 57. Kf3 Qxg6 0-1

[Event "Early-Titled-Tuesday-Blitz-March-26-2024"]
[Site "Chess.com"]
[Date "2024.03.26"]
[Round "5"]
[White "GiorgianBarbosa"]
[Black "BilicVladimir"]
[Result "1/2-1/2"]
[WhiteElo "2511"]
[BlackElo "2676"]
[TimeControl "180+1"]
[EndTime "8:55:07 PDT"]
[Termination "Game drawn by repetition"]

1. b3 d5 2. Bb2 Bf5 3. g3 c6 4. Bg2 e6 5. d3 Nf6 6. Nf3 h6 7.
O-O Nbd7 8. Nbd2 Be7 9. Qe1 O-O 10. e4 Bh7 11. Qe2 a5 12. a4 Nc5 13. e5 Nfd7 14. d4 Na6 15. c3 c5 16. h4 cxd4 17. Nxd4 Nac5 18. Qe3 Nb8 19. Ba3 b6 20. f4 Re8 21. f5 exf5 22. Nxf5 Bf8 23. Nf3 Bxf5 24. Qf4 Be4 25. Nd4 Ra7 26. Bxe4 Nxe4 27. Bxf8 Rxf8 28.
Nf5 Qd7 29. Qg4 g6 30. Nxh6+ Kh7 31. Qf4 f5 32. Rae1 Nc6 33. g4 Qg7 34. g5 Qxe5 35.
Qf3 Qg3+ 36. Qxg3 Nxg3 37. Rf3 Ne4 38. c4 Ne5 39. Rff1 Ng4 40. Nxg4 Kg7 41. Ne3 dxc4 42.
Nxc4 Rd7 43. Nxb6 Rd3 44. Nc4 Rxb3 45. Rd1 Rb4 46. Rd7+ Rf7 47. Rxf7+ Kxf7 48. Ne5+ Kg7 49. h5 gxh5 50. Rxf5 Ng3 51. Rf7+ Kg8 52. g6 h4 53. Nd7 Ne4 54. Rh7 Rd4 55. Rxh4 Rd1+ 56. Kg2 Rd2+ 57.
Kg1 Rd1+ 58. Kg2 Rd2+ 59. Kg1 Rd1+ 1/2-1/2

[Event "Early-Titled-Tuesday-Blitz-March-26-2024"]
[Site "Chess.com"]
[Date "2024.03.26"]
[Round "5"]
[White "Resignify"]
[Black "KetiTsatsalashvili"]
[Result "0-1"]
[WhiteElo "2260"]
[BlackElo "2445"]
[TimeControl "180+1"]
[EndTime "8:55:07 PDT"]
[Termination "KetiTsatsalashvili won on time"]

1. e4 c5 2. Nc3 Nc6 3. g3 g6 4. Bg2 Bg7 5. d3 d6 6. f4 Nf6 7. Nf3 O-O 8. O-O Nd4 9. Ne2 Nxf3+ 10.
Bxf3 Bh3 11. Bg2 Bxg2 12. Kxg2 Rc8 13. c4 Nd7 14. Qc2 Nb8 15. Bd2 Nc6 16. Bc3 Nd4 17. Nxd4 cxd4 18. Bd2 d5 19. exd5 Qxd5+ 20. Kg1 Qf5 21.
Bb4 Rfe8 22. Rae1 Bf6 23. Qe2 b5 24. c5 a5 25. Bxa5 Qxc5 26. a3 Qc2 27. Qxc2 Rxc2 28. Rf2 Rec8 29. Bb4 e6 30. Kf1 h5 31. Rxc2 Rxc2 32.
Re2 Rc1+ 33. Re1 Rc2 34. Re2 Rc6 35. Ke1 Rc1+ 36. Kd2 Rf1 37. Kc2 g5 38. fxg5 Bxg5 39. Bd2 Bf6 40. Bf4 Kg7 41. b3 Kg6 42. a4 bxa4 43.
bxa4 Ra1 44. Kb3 Kf5 45. Ra2 Rd1 46. Kc2 Rf1 47. a5 Rf2+ 48. Kb3 Rxa2 49. Kxa2 e5 50. Bd2 Bd8 51. a6 Bb6 52. Kb3 e4 53. Kc4 e3 54. Ba5 Ba7 55. Kd5 Kg4 56. Ke4 f5+ 0-1

[Event "Early-Titled-Tuesday-Blitz-March-26-2024"]
[Site "Chess.com"]
[Date "2024.03.26"]
[Round "5"]
[White "WilsonPalencia21"]
[Black "Hui_Li_Macau"]
[Result "1-0"]
[WhiteElo "2588"]
[BlackElo "2401"]
[TimeControl "180+1"]
[EndTime "8:55:08 PDT"]
[Termination "WilsonPalencia21 won on time"]

1. d4 d5 2. c4 e6 3. Nf3 Nf6 4. Nc3 Be7 5. Bg5 O-O 6. e3 h6 7.
Bxf6 Bxf6 8. Qc2 c5 9. dxc5 dxc4 10. Bxc4 Qa5 11. O-O Bxc3 12. Qxc3 Qxc3 13. bxc3 Nd7 14. c6 bxc6 15. Rab1 Nb6 16. Be2 c5 17. Rb5 Ba6 18. a4 Bxb5 19. axb5 Rfd8 20. c4 f6 21. Ra1 e5 22.
Kf1 e4 23. Nh4 Rd2 24. Nf5 g6 25. Nxh6+ Kg7 26. Ng4 Rc2 27. f3 Nxc4 28. fxe4 Nd2+ 29.
Ke1 Rb2 30. Nf2 Rb1+ 31. Rxb1 Nxb1 32. Kf1 Nc3 33. Bc4 Rd8 34. Nd3 Nxe4 35. Ke2 Nd6 36.
Nxc5 Rc8 37. Ne6+ Kf7 38. Bb3 Rc3 39. Nd4+ Kg7 40. Bd5 Kh6 41. h4 Rc5 42. Bc6 a5 43. bxa6 Nc4 44. a7 Nb6 45. a8=Q Nxa8 46. Bxa8 Ra5 47.
Be4 g5 48. hxg5+ Kxg5 49. Kf3 Ra1 50. g4 Kh6 51. Nf5+ Kg5 52. Nd4 Rf1+ 53. Kg2 Ra1 54. Bf5 Re1 55. Nf3+ Kh6 56. Nxe1 1-0

[Event "Early-Titled-Tuesday-Blitz-March-26-2024"]
[Site "Chess.com"]
[Date "2024.03.26"]
[Round "5"]
[White "LeRoidesChampions"]
[Black "ACollins05"]
[Result "0-1"]
[WhiteElo "2675"]
[BlackElo "2520"]
[TimeControl "180+1"]
[EndTime "8:55:09 PDT"]
[Termination "ACollins05 won by resignation"]

1. e4 c5 2. Nf3 d6 3. d4 cxd4 4. Nxd4 Nf6 5. Nc3 Nc6 6. Bg5 e6 7. Qd3 Be7 8. O-O-O O-O 9. f4 Qb6 10. Nxc6 bxc6 11. e5 dxe5 12. fxe5 Nd5 13. Bxe7 Nxe7 14. Qe4 Rb8 15. b3 Qa5 16. Bd3 Ng6 17. Qd4 Rd8 18.
Qc4 Ba6 19. Qxa6 Qxc3 20. Kb1 Nxe5 21. Qxa7 Ra8 22. Qe3 Qa5 23. a4 Rdb8 24. Rhe1 Nxd3 25. Rxd3 Qb4 26. Red1 h6 27. Rd4 Qa3 28. Qg3 g6 29. R1d3 Qc5 30. Qd6 Qf5 31. Rf4 Qg5 32. Qc7 Rf8 33. Rg3 Rac8 34. Qd7 Rcd8 35. Qc7 Rc8 36. Qxc8 Rxc8 37. Rxg5 hxg5 38. Rc4 Kg7 39. Kb2 f5 40. Kc3 Kf6 41. Kb4 e5 42. Kc5 e4 43. a5 e3 44. Rc3 Re8 45. a6 e2 46. Kb6 e1=Q 47.
Rxc6+ Kf7 48. c4 Re6 49. Rxe6 Kxe6 50. Kb7 Qb4+ 51. Kc7 Qxb3 52. a7 Qxc4+ 53. Kb7 Qa2 54. g3 f4 55. gxf4 gxf4 56. h4 Qxa7+ 57. Kc8 f3 58. h5 gxh5 0-1

[Event "Early-Titled-Tuesday-Blitz-March-26-2024"]
[Site "Chess.com"]
[Date "2024.03.26"]
[Round "5"]
[White "Barmen_EV"]
[Black "chessdjw"]
[Result "0-1"]
[WhiteElo "2565"]
[BlackElo "2809"]
[TimeControl "180+1"]
[EndTime "8:55:11 PDT"]
[Termination "chessdjw won by checkmate"]

1. e4 e5 2. Nf3 Nc6 3. Nc3 Nf6 4. Bb5 Bd6 5. O-O O-O 6. Bxc6 dxc6 7. d3 h6 8. Ne2 c5 9. h3 Nd7 10. Kh2 Nb8 11. g4 Nc6 12. Ng3 Be7 13. Be3 b6 14. Qd2 Nd4 15. Nxe5 Bf6 16. Bxd4 Qxd4 17. f4 Bxe5 18.
c3 Qd6 19. fxe5 Qxe5 20. Qf4 Qxf4 21. Rxf4 Be6 22. d4 cxd4 23. cxd4 Rfd8 24. d5 Bd7 25. Raf1 f6 26. h4 c6 27. g5 hxg5 28. hxg5 fxg5 29. Rf7 Be8 30. Rf8+ Kh7 31. Rd1 cxd5 32. exd5 Ba4 33. Rxd8 Rxd8 34. b3 Bd7 35. Ne4 Kg6 36. Kg3 Re8 37.
Nd6 Re2 38. Nc4 b5 39. Kf3 bxc4 40. bxc4 Rxa2 41. c5 Ra4 42. Ke3 Bf5 43. c6 Re4+ 44.
Kf2 Rc4 45. Ke3 g4 46. Ra1 g3 47. Rxa7 g2 48. Kf2 Rc2+ 49. Kg1 Be4 50. Ra1 Bxd5 51. c7 Rxc7 52. Rd1 Bb7 53. Rd6+ Kh7 54. Rd1 Rf7 55.
Kh2 Rf1 56. Kg3 g1=Q+ 57. Kh3 Qg2+ 58. Kh4 Rf4+ 59. Kh5 Qg4# 0-1

[Event "Early-Titled-Tuesday-Blitz-March-26-2024"]
[Site "Chess.com"]
[Date "2024.03.26"]
[Round "5"]
[White "agvania123"]
[Black "dodorox"]
[Result "1-0"]
[WhiteElo "2418"]
[BlackElo "2116"]
[TimeControl "180+1"]
[EndTime "8:55:11 PDT"]
[Termination "agvania123 won on time"]

1. e4 e6 2. Qe2 d5 3. exd5 Qxd5 4. Nc3 Qd8 5. g3 Bc5 6. Bg2 Nf6 7. Nf3 Nc6 8. O-O O-O 9. d3 a5 10. Bg5 h6 11.
Bxf6 Qxf6 12. Ne4 Qe7 13. Nxc5 Qxc5 14. c3 b6 15. d4 Qd6 16. Rfe1 Ba6 17. Qe4 Ne7 18.
Ne5 Nd5 19. Rad1 Rad8 20. g4 Nf6 21. Qf4 Nd5 22. Qe4 Nf6 23. Qf4 Nd5 24. Qg3 f6 25. Ng6 Qxg3 26. hxg3 Rfe8 27. Bxd5 exd5 28. Nf4 c6 29. f3 Kf7 30. Kf2 Bc8 31. Rxe8 Rxe8 32. Re1 Rxe1 33. Kxe1 Ke7 34. Kf2 Be6 35. Ng6+ Kf7 36.
Nf4 Ke7 37. Ke3 Bf7 38. Nd3 Kd6 39. f4 Bg6 40. f5 Bf7 41. Kf4 Ke7 42. b4 Kd6 43. bxa5 bxa5 44. Nc5 Kc7 45. a3 Bg8 46. a4 Bf7 47. Nb3 Kb6 48. Nc5 Bg8 49. Ne6 Bxe6 50.
fxe6 Kc7 51. Kf5 Kd6 52. Kg6 Kxe6 53. Kxg7 f5 54. Kxh6 fxg4 55. Kg5 c5 56. Kxg4 cxd4 57. cxd4 Kf6 58. Kf4 Ke6 59. Kg5 Kf7 60. Kf5 1-0

[Event "Early-Titled-Tuesday-Blitz-March-26-2024"]
[Site "Chess.com"]
[Date "2024.03.26"]
[Round "5"]
[White "ilushka"]
[Black "ChristianArca"]
[Result "0-1"]
[WhiteElo "2502"]
[BlackElo "2675"]
[TimeControl "180+1"]
[EndTime "8:55:13 PDT"]
[Termination "ChristianArca won on time"]

1. Nf3 Nf6 2. g3 g6 3. b3 Bg7 4. Bb2 O-O 5. Bg2 d6 6. d4 c6 7.
O-O Bf5 8. Nbd2 Ne4 9. Re1 Nxd2 10. Qxd2 Be4 11. c4 Nd7 12. Bh3 Bxf3 13. exf3 e6 14.
f4 d5 15. c5 b6 16. b4 a5 17.
a3 axb4 18. axb4 Qc7 19. Bc3 Rfd8 20. Qb2 Rdb8 21. Rxa8 Rxa8 22. Ra1 Qb8 23. b5 Rxa1+ 24. Qxa1 bxc5 25. bxc6 cxd4 26. Bxd4 Bxd4 27. Qxd4 Qb6 28.
cxd7 Qxd4 29. d8=Q+ Kg7 30. Qd6 Qd3 31. Bf1 Qd2 32.
Qe5+ Kg8 33. h4 h5 34. Kg2 Qb4 35. Bd3 Qb3 36. Qe2 Qb4 37. Qf3 Qc3 38. Be2 Qd2 39. Qe3 Qb4 40. Qe5 Qd2 41. Bf3 Qd3 42. f5 gxf5 43. Bxh5 Qe4+ 44. Qxe4 fxe4 45. Be2 Kg7 46. f3 f5 47. fxe4 fxe4 48. Kf2 d4 49. g4 Kf6 50. Kg3 Ke5 51. g5 d3 52. Bg4 e3 53. Kf3 Kd4 54.
Kg2 Kc3 55. g6 e2 56. Kf2 Kd2 57. g7 e1=Q+ 58. Kf3 Qe3+ 59. Kg2 Qe4+ 0-1

[Event "Early-Titled-Tuesday-Blitz-March-26-2024"]
[Site "Chess.com"]
[Date "2024.03.26"]
[Round "5"]
[White "scarabee43"]
[Black "xakevicius91"]
[Result "1-0"]
[WhiteElo "2851"]
[BlackElo "2535"]
[TimeControl "180+1"]
[EndTime "8:55:14 PDT"]
[Termination "scarabee43 won on time"]

1. Nf3 Nf6 2. c4 e6 3. Nc3 b6 4. e4 Bb7 5. e5 Ne4 6. Be2 Be7 7.
O-O O-O 8. d4 d6 9. Qc2 Nxc3 10.
Qxc3 dxe5 11. Nxe5 Nd7 12. Bf4 Nf6 13. Rad1 Qc8 14.
Qh3 Be4 15. Rfe1 Bf5 16. g4 Bg6 17. Bf3 Bd6 18. Nxg6 hxg6 19. Bxd6 cxd6 20. Bxa8 Qxa8 21. g5 Nh5 22. Qg2 Qd8 23. d5 e5 24. Re4 f6 25. gxf6 Rxf6 26. Qg5 Qf8 27. Rd2 Nf4 28. Qg4 Rf5 29. Kh1 Qf6 30. Re3 Rh5 31. Rg3 Kh7 32. b3 a5 33. Rd1 Kh6 34. Qc8 Kh7 35. h3 e4 36. Qg4 Qe5 37. Rdg1 Qf6 38. Kh2 Kh6 39.
Re3 Qe5 40. Rgg3 Kh7 41. Kh1 Qa1+ 42. Rg1 Qe5 43. Rge1 Qf6 44. Rg1 Qe5 45. Reg3 Qf6 46. Kh2 Kh6 47. Qc8 Kh7 48. Re3 Qe5 49. Rgg3 Nd3 50.
Kg2 Nf4+ 51. Kg1 Nd3 52. Qg4 Rh6 53. Rxe4 Qa1+ 54. Kg2 Ne1+ 55. Kh2 Qc1 56. Rg1 Qc2 57. Rexe1 Qxf2+ 58. Qg2 Qf4+ 59. Kh1 Qf5 60. Re3 Qf4 61. Rg3 Qf5 62. Qf3 Qc2 63. R1g2 Qc1+ 64. Kh2 Qb1 65. Rg4 Qc1 66. Qe4 1-0

[Event "Early-Titled-Tuesday-Blitz-March-26-2024"]
[Site "Chess.com"]
[Date "2024.03.26"]
[Round "5"]
[White "MikeSailer"]
[Black "RebelJohnny"]
[Result "0-1"]
[WhiteElo "2091"]
[BlackElo "2556"]
[TimeControl "180+1"]
[EndTime "8:55:17 PDT"]
[Termination "RebelJohnny won on time"]

1. d4 d5 2. Nf3 Nf6 3. Bf4 e6 4. e3 Bd6 5. Nbd2 O-O 6. Bd3 c5 7.
c3 Nc6 8. O-O Bxf4 9. exf4 Qb6 10. dxc5 Qxc5 11. Ne5 b6 12. Qf3 Bb7 13. Qh3 g6 14.
Ndf3 Kg7 15. Ng5 Qe7 16. Rae1 Nh5 17. g3 Nxe5 18. Rxe5 Qf6 19. Rfe1 Rae8 20. Be2 h6 21. Bxh5 hxg5 22. fxg5 Qe7 23. Bg4 Rh8 24. Qg2 d4 25. Bf3 Bxf3 26. Qxf3 dxc3 27. Qxc3 Kg8 28. h4 Rd8 29.
R5e2 Kh7 30. Rd2 Rc8 31. Qf3 Rhd8 32. Rde2 Kg8 33. Kg2 Rd5 34. Qf4 Rcd8 35. g4 Rd4 36.
Qf3 Qb4 37. Kg3 Rd3 38. Re3 Rxe3 39. Rxe3 Qxb2 40. h5 Qd4 41. h6 Qd6+ 42. Kg2 Qd4 43. Re4 Qb2 44. Rf4 Rf8 45. h7+ Kxh7 46. Rxf7+ Rxf7 47. Qxf7+ Qg7 48. Qxe6 Qb7+ 49. f3 b5 50. Qf6 a5 51.
Kg3 b4 52. f4 Qc7 53. Kh4 Qc2 54. Kg3 Qc3+ 55. Kg2 Qxf6 56. gxf6 a4 57. f5 gxf5 58. g5 Kg6 0-1

[Event "Early-Titled-Tuesday-Blitz-March-26-2024"]
[Site "Chess.com"]
[Date "2024.03.26"]
[Round "5"]
[White "FormerProdigy"]
[Black "superchess02"]
[Result "1/2-1/2"]
[WhiteElo "2977"]
[BlackElo "2870"]
[TimeControl "180+1"]
[EndTime "8:55:19 PDT"]
[Termination "Game drawn by repetition"]

1. d4 Nf6 2. c4 g6 3. Nc3 Bg7 4. e4 d6 5. Nf3 O-O 6. Be2 e5 7. O-O Nc6 8. d5 Ne7 9. b4 Nh5 10. Re1 f5 11. a4 Nf6 12. a5 fxe4 13. Ng5 Nf5 14. Ngxe4 Nxe4 15. Nxe4 Nd4 16. Bg5 Qe8 17. c5 Bf5 18. Bd3 Qf7 19. cxd6 Bxe4 20. Bxe4 cxd6 21. f3 Rac8 22. Rc1 Qd7 23. Qd3 Bf6 24. Rxc8 Qxc8 25. Rc1 Qd7 26. Be3 Rc8 27. Rc4 Kg7 28. h3 Rc7 29.
Kh2 Qc8 30. a6 b6 31. Rxc7+ Qxc7 32. f4 Qe7 33. f5 Bg5 34. Bxd4 exd4 35. Qxd4+ Bf6 36.
Qd3 Qe5+ 37. g3 gxf5 38. Bxf5 Qb2+ 39. Qc2 Qxc2+ 40. Bxc2 h6 41. Kg2 Bc3 42. b5 Kf6 43. Kf3 Be5 44. Kg4 Bd4 45. Kh5 Kg7 46. g4 Be3 47. h4 Bd2 48. g5 hxg5 49. hxg5 Bc3 50. Kg4 Kf7 51. Kf5 Be5 52. Bd1 Bd4 53. Bh5+ Ke7 54.
Kg6 Be5 55. Kh7 Kf8 56. Bg4 Bd4 57. Be6 Bc3 58. Kg6 Bd4 59. Bg4 Bc3 60. Kf5 Ke7 61. Bh5 Be5 62. Kg6 Bb2 63. Kh7 Kf8 64. g6 Bg7 65. Bg4 Bf6 66. Be6 Bg7 67. Bg4 Bf6 68.
Be6 Bg7 69. Bg4 1/2-1/2

[Event "Early-Titled-Tuesday-Blitz-March-26-2024"]
[Site "Chess.com"]
[Date "2024.03.26"]
[Round "5"]
[White "PeshkaCh"]
[Black "Vahe_Danielyan"]
[Result "1-0"]
[WhiteElo "2858"]
[BlackElo "2638"]
[TimeControl "180+1"]
[EndTime "8:55:22 PDT"]
[Termination "PeshkaCh won on time"]

1. Nf3 d5 2. d4 Nf6 3. c4 dxc4 4. e3 e6 5. Bxc4 a6 6. a4 Nbd7 7. O-O Bd6 8. Nc3 O-O 9. e4 e5 10. Bg5 Qe8 11. Re1 h6 12. Bh4 c6 13. dxe5 Bxe5 14.
Nxe5 Nxe5 15. Be2 Qe7 16. Qc2 Ng6 17. Bg3 Be6 18. Rad1 Rfd8 19. Bd3 Qb4 20. Qe2 Bb3 21. Rd2 Re8 22. e5 Nf4 23. Bxf4 Qxf4 24. g3 Qb4 25. Qf3 Rad8 26. Re3 Nd5 27. Re4 Qa5 28. e6 fxe6 29.
Rg4 Qc7 30. Nxd5 Bxd5 31. Qf6 Bc4 32. Bxc4 Rxd2 33. Qxh6 Qd7 34. Qg6 b5 35. axb5 axb5 36. Bb3 Qf7 37. Qxf7+ Kxf7 38. Rf4+ Ke7 39. Kg2 Rxb2 40.
Bd1 c5 41. Re4 Kd6 42. Bh5 Re7 43. h4 b4 44. Be2 e5 45. Bc4 Rd2 46. Rg4 Rd4 47.
Rg6+ Kc7 48. Bb5 Rd6 49. Rg4 Kb6 50. Bc4 e4 51. Rg5 e3 52. fxe3 Rxe3 53. Rxg7 b3 54.
Rg8 Ka5 55. Rb8 Ka4 56. h5 Rd4 57. Bf7 Ka3 58. h6 Rb4 59. Ra8+ Kb2 60. h7 Re2+ 61. Kg1 Re1+ 62. Kg2 Rd4 63. h8=Q Re2+ 64. Kf3 1-0

[Event "Early-Titled-Tuesday-Blitz-March-26-2024"]
[Site "Chess.com"]
[Date "2024.03.26"]
[Round "5"]
[White "gpsji27"]
[Black "YoreDea"]
[Result "0-1"]
[WhiteElo "2351"]
[BlackElo "2523"]
[TimeControl "180+1"]
[EndTime "8:55:22 PDT"]
[Termination "YoreDea won by resignation"]

1. d4 d5 2. Nf3 Nf6 3. Bg5 e6 4.
e3 c5 5. c3 Nc6 6. Nbd2 Qb6 7.
Rb1 Ne4 8. Nxe4 dxe4 9. Nd2 cxd4 10. exd4 f5 11. Nc4 Qc7 12. g3 Be7 13. Bf4 Qd8 14.
Ne5 Nxe5 15. Bxe5 O-O 16. Bc4 Bf6 17. Bxf6 Qxf6 18. d5 e5 19. O-O Bd7 20. f4 exf4 21. gxf4 Qb6+ 22. Kh1 Rf6 23. Rg1 Kh8 24. Qh5 Qc7 25.
Qg5 Rg8 26. Bb3 Qd6 27. Rbd1 Bb5 28. c4 Bd7 29. Rc1 Rg6 30. Qh4 Rh6 31. Qf2 b6 32.
Rc3 Be8 33. Rcg3 Bh5 34. Qd4 Bf3+ 35. Rxf3 exf3 36. Bd1 Qe7 37. Bxf3 Qh4 38. Qd2 Re8 39. d6 Qf6 40. d7 Rd8 41. Qd5 Qh4 42. Qd2 Rf6 43. Rg2 h6 44. Re2 Kh7 45. Re8 Rf8 46. Rxd8 Rxd8 47. Qd5 Qe1+ 48. Kg2 Qe7 49. Qxf5+ g6 50.
Qe5 Rxd7 51. Qxe7+ Rxe7 52. Kf2 Kg7 53. Bd5 Kf6 54.
b4 g5 55. fxg5+ hxg5 56. a4 Ke5 57. Kg3 a5 58. bxa5 bxa5 59. Kg4 Rg7 60. h4 gxh4+ 61.
Kxh4 Kd4 62. Kh5 Kc5 63. Kh6 Rg3 64. Kh5 Ra3 65. Kh4 Rxa4 66. Kh5 Ra3 67. Kh4 Re3 68. Kh5 a4 0-1

[Event "Early-Titled-Tuesday-Blitz-March-26-2024"]
[Site "Chess.com"]
[Date "2024.03.26"]
[Round "5"]
[White "Mindhunter08"]
[Black "Irina_Mikhaylova"]
[Result "1/2-1/2"]
[WhiteElo "2665"]
[BlackElo "2341"]
[TimeControl "180+1"]
[EndTime "8:55:25 PDT"]
[Termination "Game drawn by repetition"]

1. e4 c5 2. Nf3 Nc6 3. Bb5 e6 4. Bxc6 bxc6 5. b3 f6 6. Ba3 Nh6 7. d4 cxd4 8. Bxf8 Kxf8 9. Qxd4 e5 10. Qd6+ Qe7 11. Qc7 Nf7 12. O-O Qd8 13. Qxd8+ Nxd8 14. Rd1 Ke7 15. Nc3 Ne6 16. Rd2 Rd8 17. Rad1 d6 18. Na4 Bb7 19. c4 c5 20. Nc3 Nd4 21. Ne1 Bc6 22. Nd3 a5 23. Nb2 g6 24. f3 f5 25.
Kf2 Rab8 26. Ke3 f4+ 27. Kf2 g5 28. h4 Rg8 29. hxg5 Rxg5 30. Rh1 h5 31. Kf1 Rbg8 32. Nba4 Bxa4 33. Nxa4 Rh8 34. Nb6 Ke6 35. Nd5 h4 36. Rh3 Rg3 37. Rxg3 hxg3 38. Kg1 Ra8 39. Nb6 Rb8 40. Na4 Rh8 41. Rd1 Rh2 42. Nc3 Rh8 43.
Rb1 Ra8 44. Na4 Rb8 45. Nc3 Rb4 46. Nd5 Rb7 47. Nc3 Nc2 48. Rc1 Ne3 49. Rb1 Rh7 50.
Rb2 Rh2 51. a3 Rh7 52. Rd2 Rb7 53. Nb5 Rb6 54. Rd3 Nc2 55. Rd2 Nd4 56. Nxd4+ exd4 57. Rd3 Ke5 58. a4 Rb8 59. Kf1 Rh8 60. Kg1 Rh2 61. Rd2 Rh8 62. Rd3 Rh7 63. Rd2 Rh6 64. Rd3 Rh2 65.
Rd2 Rh4 66. Rd3 Rh5 67. Rd2 Rh6 68. Rd3 Rh7 69. Rd2 Rb7 70. Rd3 Rb6 71. Kf1 Rb7 72. Kg1 Rh7 1/2-1/2

[Event "Early-Titled-Tuesday-Blitz-March-26-2024"]
[Site "Chess.com"]
[Date "2024.03.26"]
[Round "5"]
[White "igorknyazev"]
[Black "iAspet"]
[Result "0-1"]
[WhiteElo "2242"]
[BlackElo "2466"]
[TimeControl "180+1"]
[EndTime "8:55:27 PDT"]
[Termination "iAspet won by resignation"]

1. e4 c5 2. f4 d5 3. exd5 Nf6 4. Bb5+ Bd7 5. Bxd7+ Qxd7 6. Nc3 Nxd5 7. Nxd5 Qxd5 8.
Qf3 Qd7 9. b3 Nc6 10. Ne2 e6 11. Bb2 O-O-O 12. O-O-O Qd5 13. Rhf1 Qxf3 14. Rxf3 Rg8 15.
Rh3 h6 16. g4 Be7 17. Ng3 Nd4 18. Rf1 b6 19. Ne4 Rd7 20. Bxd4 Rxd4 21. d3 f5 22.
gxf5 exf5 23. Ng3 Rf8 24. Rh5 Bd6 25. Nxf5 Bxf4+ 26. Kd1 g6 27. Nxd4 cxd4 28. Rd5 g5 29.
Rxd4 Re8 30. Re1 Rf8 31. Rc4+ Kd7 32. Ree4 Bxh2 33. d4 Bf4 34. d5 h5 35. Rc6 h4 36.
Rh6 Rf7 37. Ree6 Bg3 38. Reg6 Bf4 39. Ke2 Re7+ 40. Kd3 Rf7 41. Kd4 Re7 42. c4 Rf7 43. c5 bxc5+ 44. Kxc5 Be3+ 45. Kc4 Bf4 46. b4 Kc7 47. a4 Kb7 48. b5 Rc7+ 49. Kd4 Re7 50. d6 Rd7 51. Kd5 Rd8 52. Rh7+ Kb6 53. Re6 Ka5 54.
Rxa7+ Kb4 55. b6 h3 56. b7 h2 57. Rh6 Rxd6+ 58. Rxd6 h1=Q+ 59. Ke6 Qh6+ 60. Kf5 Qxd6 61. a5 Qe5+ 62. Kg4 Qe2+ 63. Kf5 Qd3+ 64. Kg4 Qg3+ 65. Kf5 Qe3 66. Kg4 Qxa7 67. a6 Qxa6 68. Kf5 Qxb7 0-1

[Event "Early-Titled-Tuesday-Blitz-March-26-2024"]
[Site "Chess.com"]
[Date "2024.03.26"]
[Round "5"]
[White "andrew-blr"]
[Black "FlemingA"]
[Result "1-0"]
[WhiteElo "2597"]
[BlackElo "2437"]
[TimeControl "180+1"]
[EndTime "8:55:28 PDT"]
[Termination "andrew-blr won by resignation"]

1. d4 Nf6 2. c4 g6 3. Nc3 Bg7 4.
e4 d6 5. h3 O-O 6. Bg5 c5 7.
d5 h6 8. Be3 e6 9. Nf3 exd5 10.
cxd5 Re8 11. Bd3 b5 12. e5 dxe5 13. Bxb5 Bd7 14. Bxd7 Nbxd7 15. O-O Rb8 16. Qc1 Kh7 17. Rd1 Qb6 18. Rb1 Qb4 19. d6 Re6 20. a3 Qa5 21. a4 e4 22. Nd2 Rxd6 23. Nb5 Re6 24. b3 a6 25. Nc4 Qd8 26. Nbd6 Qe7 27. Bf4 Rb4 28. Bd2 Rb8 29. Bc3 Nb6 30. Nxb6 Rxb6 31.
Nc4 Rb7 32. Qb2 Ne8 33. Rd5 Bxc3 34. Qxc3 Ng7 35. Rbd1 Nf5 36. Ne5 Rc7 37. Ng4 h5 38. Ne5 Qf6 39. Qa5 Rce7 40. Nd7 Qg5 41. Nf8+ Kg7 42. Nxe6+ Rxe6 43. Qd2 e3 44. fxe3 Rxe3 45. Rd3 Qg3 46. Rxe3 Nxe3 47. Rc1 Nf5 48. Qf2 Qxb3 49. Rxc5 Qxa4 50. Kh2 Qe4 51. Rc1 Qe6 52. Kh1 h4 53.
Re1 Ng3+ 54. Kg1 Qf5 55. Qd4+ Qf6 56. Qxf6+ Kxf6 57. Ra1 Nf5 58. Rxa6+ Kg5 59. Kf2 f6 60. Kf3 Nh6 61. Ra5+ Nf5 62. Ke4 Kh5 63. Rxf5+ gxf5+ 64. Kxf5 Kh6 65. Kxf6 Kh5 66. Kf5 Kh6 67. Kg4 Kg6 68.
Kxh4 1-0

[Event "Early-Titled-Tuesday-Blitz-March-26-2024"]
[Site "Chess.com"]
[Date "2024.03.26"]
[Round "5"]
[White "Levanzovsky"]
[Black "vasblesk"]
[Result "0-1"]
[WhiteElo "2416"]
[BlackElo "2792"]
[TimeControl "180+1"]
[EndTime "8:55:31 PDT"]
[Termination "vasblesk won on time"]

1. Nf3 Nf6 2. g3 g6 3. Bg2 Bg7 4. O-O O-O 5. Nc3 d5 6. d3 c5 7.
Re1 Nc6 8. e4 dxe4 9. Nxe4 Nxe4 10. Rxe4 e5 11. Rh4 Bf6 12. Rc4 b6 13. Bh6 Re8 14.
Nxe5 Nxe5 15. Bxa8 Be6 16. Bg2 Nxc4 17. dxc4 Bxb2 18.
Bc6 Qxd1+ 19. Rxd1 Rc8 20. h4 Bg7 21. Bxg7 Kxg7 22. Bd5 Rd8 23. a4 Rd6 24. f4 Bd7 25. a5 bxa5 26. Ra1 a4 27. Kf2 Rb6 28. Ke3 f6 29.
Kd2 Kf8 30. Kc3 Ke7 31. Re1+ Kd8 32. Ra1 h6 33. Rd1 Kc7 34. Re1 Rb8 35. Ra1 Re8 36.
Rb1 Re3+ 37. Kd2 Rxg3 38. Rb7+ Kd6 39. Rxa7 a3 40. Ra6+ Kc7 41. Rxf6 Bf5 42. Ra6 Rh3 43. Ra7+ Kb6 44. Ra8 Rh2+ 45. Kc3 Rxc2+ 46. Kb3 Rc1 47. Rxa3 Rb1+ 48. Kc3 Rg1 49. Rb3+ Kc7 50. Rb7+ Kc8 51. Rg7 Rg3+ 52. Kd2 Rg4 53. Ke2 Rxf4 54. Rg8+ Kc7 55. Rg7+ Kd6 56. Ke3 Rxh4 57. Rh7 Rh3+ 58. Kf4 Rh4+ 59.
Kg3 Rd4 60. Rxh6 Rd3+ 61. Kf4 Rd4+ 62. Kg5 Ke5 63. Rh4 Rxh4 64. Kxh4 Kf4 65. Be6 g5+ 66.
Kh5 Bxe6 0-1